General information
- name: BNet
- type: Ladder team game (AT/RT)
- host: Battle.net
- saver: TuchMeNotFeelMe
map: DragonFalls
- players: 8
- length: 31:27
- speed: Fast
- version: 1.26 W3XP
- replay type: Public
» download(236 KB)
Players
team 1 (winner)
T1ttyWax (
yellow | 51 APM | 1084 actions | 21:18)
4 Paladin
1 Holy Light
1 Divine Shield
2 Devotion Aura
» actions
| Assign group hotkey | 18 | |
| Basic commands | 3 | |
| Build / train | 52 | |
| Enter build submenu | 22 | |
| Enter hero's abilities submenu | 4 | |
| Right click | 520 | |
| Select / deselect | 250 | |
| Select group hotkey | 139 | |
| Use ability | 76 | |
1084 total
» units
» upgrades
| Defend | 1 | |
| Plating | 3 | |
| Swords | 2 | |
| Lumber Harvesting | 1 | |
| Masonry | 2 | |
9 total
» buildings
| Farm | 10 | |
| Altar of Kings | 1 | |
| Barracks | 2 | |
| Lumber Mill | 1 | |
| Arcane Vault | 1 | |
| Keep | 1 | |
| Blacksmith | 1 | |
| Scout Tower | 6 | |
| Guard Tower | 5 | |
| Castle | 1 | |
29 total
» build order
00:21 Farm
00:39 Altar of Kings
00:53 Barracks
01:02 Farm
01:41 Farm
01:46 Lumber Mill
02:10 Barracks
02:24 Farm
03:30 Farm
03:34 Arcane Vault
05:01 Keep
05:06 Farm
05:09 Blacksmith
05:13 Scout Tower
05:43 Guard Tower
05:45 Scout Tower
05:50 Farm
06:33 Scout Tower
06:34 Guard Tower
06:40 Farm
08:30 Castle
08:41 Guard Tower
08:45 Scout Tower
09:35 Guard Tower
09:44 Farm
16:06 Farm
18:42 Scout Tower
18:43 Scout Tower
19:31 Guard Tower
» items
| Scroll of Regeneration | 2 | |
| Lesser Clarity Potion | 2 | |
| Potion of Healing | 1 | |
5 total
TRUMP-WON-AGAIN (
orange | 68 APM | 2133 actions | 31:27)
4 Blademaster
2 Wind Walk
2 Critical Strike
3 Shadow Hunter
2 Hex
1 Healing Wave
» actions
| Assign group hotkey | 59 | |
| Basic commands | 2 | |
| Build / train | 58 | |
| Enter build submenu | 27 | |
| Enter hero's abilities submenu | 7 | |
| Remove unit from queue | 1 | |
| Right click | 1011 | |
| Select / deselect | 250 | |
| Select group hotkey | 570 | |
| Use ability | 148 | |
2133 total
» units
| Peon | 11 | |
| Grunt | 3 | |
| Goblin Shredder | 1 | |
| Goblin Zeppelin | 2 | |
| Wind Rider | 7 | |
24 total
» upgrades
| Reinforced Defenses | 1 | |
| Envenomed Spears | 1 | |
| Ranged Weapons | 2 | |
| Armor | 2 | |
6 total
» buildings
| Altar of Storms | 1 | |
| Orc Burrow | 6 | |
| Barracks | 1 | |
| Voodoo Lounge | 1 | |
| Stronghold | 2 | |
| Great Hall | 2 | |
| War Mill | 1 | |
| Beastiary | 3 | |
| Watch Tower | 46 | |
| Fortress | 3 | |
66 total
» build order
00:08 Altar of Storms
00:21 Orc Burrow
00:38 Barracks
01:24 Orc Burrow
02:05 Voodoo Lounge
03:01 Stronghold
03:01 Stronghold
03:54 Great Hall
04:39 War Mill
05:53 Beastiary
06:13 Orc Burrow
06:40 Great Hall
08:11 Watch Tower
08:11 Watch Tower
08:29 Watch Tower
08:30 Watch Tower
08:30 Watch Tower
08:54 Beastiary
09:19 Fortress
09:20 Fortress
09:30 Watch Tower
09:54 Watch Tower
09:54 Watch Tower
10:47 Watch Tower
10:47 Watch Tower
12:36 Watch Tower
12:37 Watch Tower
13:05 Orc Burrow
15:07 Beastiary
15:48 Orc Burrow
15:48 Orc Burrow
18:19 Watch Tower
18:20 Watch Tower
18:21 Watch Tower
18:22 Watch Tower
18:22 Watch Tower
18:22 Watch Tower
18:23 Watch Tower
18:23 Watch Tower
19:26 Watch Tower
19:27 Watch Tower
20:48 Watch Tower
20:48 Watch Tower
20:48 Watch Tower
20:49 Watch Tower
20:50 Watch Tower
20:51 Watch Tower
21:52 Watch Tower
21:53 Watch Tower
22:24 Watch Tower
22:25 Watch Tower
22:25 Watch Tower
22:26 Watch Tower
22:27 Watch Tower
22:27 Watch Tower
29:04 Watch Tower
29:04 Watch Tower
29:04 Watch Tower
29:05 Watch Tower
29:05 Watch Tower
29:06 Watch Tower
29:06 Watch Tower
29:07 Watch Tower
29:08 Watch Tower
29:08 Watch Tower
» items
| Healing Salve | 3 | |
| Lesser Clarity Potion | 1 | |
| Scroll of Town Portal | 6 | |
| Orb of Lightning | 1 | |
| Potion of Mana | 1 | |
12 total
235983259236959 (
blue | 78 APM | 2453 actions | 31:27)
7 Warden
3 Fan of Knives
3 Blink
1 Spirit of Vengeance
» actions
| Assign group hotkey | 139 | |
| Basic commands | 30 | |
| Build / train | 98 | |
| Enter build submenu | 66 | |
| Enter hero's abilities submenu | 7 | |
| Give item / drop item | 3 | |
| Right click | 1075 | |
| Select / deselect | 267 | |
| Select group hotkey | 567 | |
| Use ability | 201 | |
2453 total
» units
| Wisp | 42 | |
| Archer | 9 | |
| Chimaera | 7 | |
| Goblin Zeppelin | 1 | |
59 total
» upgrades
| Strength of the Moon | 1 | |
| Moon Armor | 1 | |
| Nature's Blessing | 1 | |
| Well Spring | 1 | |
| Strength of the Wild | 3 | |
| Reinforced Hides | 3 | |
| Corrosive Breath | 1 | |
| Ultravision | 1 | |
12 total
» buildings
| Moon Well | 23 | |
| Altar of Elders | 1 | |
| Ancient of War | 1 | |
| Hunter's Hall | 1 | |
| Tree of Life | 4 | |
| Tree of Ages | 3 | |
| Tree of Eternity | 1 | |
| Ancient Protector | 23 | |
| Ancient of Wonders | 1 | |
| Ancient of Wind | 2 | |
| Chimaera Roost | 4 | |
64 total
» build order
00:48 Moon Well
01:08 Altar of Elders
01:20 Moon Well
01:28 Moon Well
01:43 Ancient of War
02:34 Moon Well
03:25 Hunter's Hall
03:40 Moon Well
03:45 Moon Well
05:18 Tree of Life
05:31 Tree of Ages
05:32 Tree of Ages
06:34 Moon Well
08:26 Tree of Eternity
08:48 Ancient Protector
08:55 Ancient Protector
08:59 Ancient Protector
10:07 Ancient Protector
10:55 Ancient Protector
11:01 Ancient of Wonders
11:44 Ancient of Wind
11:47 Ancient of Wind
11:58 Moon Well
12:47 Chimaera Roost
12:50 Chimaera Roost
12:56 Chimaera Roost
13:05 Chimaera Roost
13:16 Moon Well
13:22 Moon Well
14:01 Moon Well
14:03 Moon Well
14:06 Moon Well
15:23 Moon Well
15:51 Ancient Protector
15:56 Ancient Protector
16:04 Ancient Protector
16:22 Ancient Protector
16:28 Ancient Protector
16:32 Ancient Protector
16:39 Ancient Protector
16:41 Ancient Protector
16:53 Ancient Protector
16:57 Ancient Protector
17:07 Ancient Protector
18:08 Ancient Protector
19:02 Moon Well
19:03 Moon Well
20:07 Moon Well
20:08 Moon Well
20:49 Ancient Protector
20:50 Ancient Protector
20:53 Ancient Protector
20:58 Ancient Protector
21:02 Ancient Protector
21:04 Ancient Protector
21:24 Moon Well
21:26 Moon Well
23:29 Moon Well
23:30 Moon Well
27:34 Tree of Life
27:41 Tree of Life
27:45 Tree of Life
27:54 Moon Well
» items
| Boots of Speed | 1 | |
| Periapt of Vitality | 1 | |
| Staff of Teleportation | 1 | |
| Scroll of Town Portal | 2 | |
5 total
CraftyKingCole (
green | 77 APM | 1536 actions | 20:00)
4 Archmage
2 Summon Water Elemental
2 Brilliance Aura
» actions
| Assign group hotkey | 19 | |
| Basic commands | 34 | |
| Build / train | 41 | |
| Enter build submenu | 24 | |
| Enter hero's abilities submenu | 4 | |
| Right click | 872 | |
| Select / deselect | 298 | |
| Select group hotkey | 196 | |
| Use ability | 48 | |
1536 total
» units
| Peasant | 11 | |
| Footman | 7 | |
| Rifleman | 1 | |
| Knight | 7 | |
26 total
» upgrades
| Swords | 1 | |
| Plating | 1 | |
| Animal War Training | 1 | |
3 total
» buildings
| Altar of Kings | 1 | |
| Barracks | 2 | |
| Farm | 14 | |
| Scout Tower | 2 | |
| Arcane Tower | 1 | |
| Blacksmith | 1 | |
| Keep | 1 | |
| Lumber Mill | 1 | |
| Castle | 1 | |
| Guard Tower | 1 | |
| Workshop | 1 | |
26 total
» build order
00:05 Altar of Kings
00:11 Barracks
00:20 Farm
00:52 Farm
01:51 Farm
02:47 Farm
03:26 Scout Tower
03:57 Arcane Tower
04:26 Blacksmith
05:05 Keep
05:10 Barracks
05:13 Farm
06:46 Farm
06:48 Farm
06:57 Farm
07:49 Farm
07:53 Scout Tower
07:56 Lumber Mill
08:04 Castle
09:02 Guard Tower
13:05 Farm
13:05 Farm
13:06 Farm
13:08 Farm
13:08 Farm
16:04 Workshop
» items
| Scroll of Speed | 1 | |
| Healing Salve | 1 | |
| Scroll of Town Portal | 1 | |
3 total
team 2 (loser)

»
myfckinnoodles (
red | 80 APM | 2138 actions | 26:38)
5 Tauren Chieftain
3 War Stomp
2 Endurance Aura
3 Shadow Hunter
1 Hex
2 Healing Wave
» actions
| Assign group hotkey | 44 | |
| Basic commands | 25 | |
| Build / train | 87 | |
| ESC pressed | 1 | |
| Enter build submenu | 36 | |
| Enter hero's abilities submenu | 8 | |
| Give item / drop item | 1 | |
| Right click | 780 | |
| Select / deselect | 531 | |
| Select group hotkey | 505 | |
| Use ability | 120 | |
2138 total
» units
| Peon | 14 | |
| Grunt | 14 | |
| Shaman | 12 | |
| Tauren | 7 | |
| Troll Batrider | 3 | |
50 total
» upgrades
| Melee Weapons | 3 | |
| Spiked Barricades | 1 | |
| Pillage | 1 | |
| Armor | 2 | |
| Berserker Strength | 1 | |
| Shaman Training | 2 | |
| Ranged Weapons | 1 | |
| Pulverize | 1 | |
12 total
» buildings
| Orc Burrow | 6 | |
| Altar of Storms | 1 | |
| Barracks | 1 | |
| War Mill | 1 | |
| Voodoo Lounge | 1 | |
| Great Hall | 1 | |
| Watch Tower | 12 | |
| Stronghold | 1 | |
| Spirit Lodge | 2 | |
| Fortress | 1 | |
| Tauren Totem | 2 | |
| Beastiary | 2 | |
31 total
» build order
00:05 Orc Burrow
00:21 Altar of Storms
00:44 Barracks
01:18 Orc Burrow
01:54 War Mill
02:36 Voodoo Lounge
03:33 Orc Burrow
05:14 Great Hall
05:23 Watch Tower
05:30 Stronghold
05:35 Watch Tower
06:22 Watch Tower
06:32 Watch Tower
07:09 Watch Tower
07:14 Watch Tower
09:06 Spirit Lodge
10:23 Fortress
10:46 Orc Burrow
10:49 Spirit Lodge
11:58 Orc Burrow
12:49 Tauren Totem
14:48 Tauren Totem
14:53 Orc Burrow
18:08 Watch Tower
19:48 Watch Tower
20:32 Beastiary
20:52 Watch Tower
21:08 Beastiary
24:11 Watch Tower
24:14 Watch Tower
24:23 Watch Tower
» items
| Healing Salve | 7 | |
| Boots of Speed | 1 | |
| Orb of Lightning | 1 | |
| Scroll of Town Portal | 2 | |
| Potion of Healing | 1 | |
| Tiny Great Hall | 1 | |
13 total
I_Luv_Noobster (
teal | 49 APM | 1482 actions | 30:26)
5 Blademaster
2 Wind Walk
3 Critical Strike
2 Shadow Hunter
1 Hex
1 Healing Wave
3 Far Seer
2 Feral Spirit
1 Chain Lighting
» actions
| Basic commands | 2 | |
| Build / train | 89 | |
| Enter build submenu | 11 | |
| Enter hero's abilities submenu | 10 | |
| Give item / drop item | 4 | |
| Remove unit from queue | 1 | |
| Right click | 991 | |
| Select / deselect | 276 | |
| Use ability | 98 | |
1482 total
» units
| Peon | 14 | |
| Grunt | 3 | |
| Troll Headhunter/Berserker | 24 | |
| Goblin Shredder | 2 | |
43 total
» upgrades
| Armor | 1 | |
| Ranged Weapons | 1 | |
| Berserker Upgrade | 1 | |
| Troll Regeneration | 1 | |
| Pillage | 1 | |
5 total
» buildings
| Orc Burrow | 5 | |
| Altar of Storms | 1 | |
| Barracks | 1 | |
| Voodoo Lounge | 2 | |
| War Mill | 1 | |
| Stronghold | 1 | |
| Fortress | 1 | |
12 total
» build order
00:08 Orc Burrow
00:11 Altar of Storms
00:31 Barracks
01:36 Orc Burrow
01:50 Voodoo Lounge
02:49 War Mill
03:00 Orc Burrow
04:10 Orc Burrow
05:46 Stronghold
05:48 Orc Burrow
08:11 Fortress
12:58 Voodoo Lounge
» items
| Healing Salve | 6 | |
| Tiny Great Hall | 2 | |
| Orb of Lightning | 3 | |
| Lesser Clarity Potion | 5 | |
| Scroll of Speed | 3 | |
| Potion of Healing | 5 | |
| Potion of Mana | 1 | |
25 total
TuchMeNotFeelMe (
pink | 63 APM | 1995 actions | 31:27)
6 Archmage
3 Summon Water Elemental
2 Brilliance Aura
1 Mass Teleport
» actions
| Assign group hotkey | 49 | |
| Basic commands | 118 | |
| Build / train | 92 | |
| Enter build submenu | 43 | |
| Enter hero's abilities submenu | 6 | |
| Give item / drop item | 6 | |
| Remove unit from queue | 2 | |
| Right click | 717 | |
| Select / deselect | 380 | |
| Select group hotkey | 148 | |
| Use ability | 434 | |
1995 total
» units
| Peasant | 14 | |
| Footman | 4 | |
| Goblin Shredder | 1 | |
| Gryphon Rider | 6 | |
| Goblin Zeppelin | 2 | |
| Green Dragon | 2 | |
| Goblin Sapper | 19 | |
48 total
» upgrades
| Masonry | 3 | |
| Storm Hammers | 1 | |
| Swords | 2 | |
| Armor | 2 | |
| Animal War Training | 1 | |
| Cloud | 1 | |
10 total
» buildings
| Altar of Kings | 1 | |
| Barracks | 1 | |
| Farm | 10 | |
| Scout Tower | 36 | |
| Arcane Vault | 3 | |
| Keep | 1 | |
| Town Hall | 2 | |
| Arcane Tower | 1 | |
| Lumber Mill | 1 | |
| Guard Tower | 10 | |
| Castle | 1 | |
| Gryphon Aviary | 5 | |
| Blacksmith | 2 | |
74 total
» build order
00:50 Altar of Kings
00:52 Barracks
00:55 Farm
00:56 Farm
01:01 Farm
01:04 Farm
01:34 Farm
02:31 Scout Tower
03:12 Arcane Vault
03:50 Keep
04:15 Town Hall
04:18 Scout Tower
04:18 Scout Tower
04:19 Scout Tower
04:20 Scout Tower
04:24 Scout Tower
04:38 Arcane Tower
04:52 Lumber Mill
06:10 Guard Tower
06:11 Guard Tower
06:13 Guard Tower
07:09 Castle
09:57 Gryphon Aviary
09:58 Gryphon Aviary
09:59 Gryphon Aviary
10:00 Gryphon Aviary
10:01 Blacksmith
10:02 Blacksmith
10:12 Gryphon Aviary
10:15 Farm
10:30 Guard Tower
11:05 Arcane Vault
13:04 Scout Tower
13:06 Scout Tower
13:07 Scout Tower
13:08 Scout Tower
13:09 Scout Tower
13:12 Scout Tower
13:13 Scout Tower
13:14 Scout Tower
13:17 Scout Tower
13:17 Scout Tower
13:18 Scout Tower
13:19 Scout Tower
13:20 Scout Tower
13:23 Scout Tower
13:24 Scout Tower
13:26 Scout Tower
13:27 Scout Tower
15:31 Town Hall
15:32 Scout Tower
15:33 Scout Tower
15:33 Scout Tower
15:37 Scout Tower
15:42 Scout Tower
15:43 Scout Tower
15:43 Scout Tower
15:44 Scout Tower
15:44 Scout Tower
15:45 Scout Tower
15:45 Scout Tower
15:53 Guard Tower
16:05 Guard Tower
16:05 Guard Tower
16:21 Arcane Vault
18:01 Guard Tower
18:41 Guard Tower
20:50 Guard Tower
25:14 Farm
25:17 Farm
25:18 Farm
25:19 Farm
» items
| Scroll of Regeneration | 3 | |
| Mechanical Critter | 5 | |
| Staff of Teleportation | 1 | |
| Periapt of Vitality | 1 | |
| Staff of Sanctuary | 2 | |
12 total

»
Ayatollah92 (
purple | 112 APM | 3316 actions | 29:37)
5 Death Knight
3 Death Coil
2 Unholy Aura
5 Lich
3 Frost Nova
2 Frost Armor
» actions
| Assign group hotkey | 38 | |
| Basic commands | 302 | |
| Build / train | 74 | |
| Enter build submenu | 32 | |
| Enter hero's abilities submenu | 10 | |
| Give item / drop item | 3 | |
| Remove unit from queue | 6 | |
| Right click | 1228 | |
| Select / deselect | 398 | |
| Select group hotkey | 1104 | |
| Use ability | 121 | |
3316 total
» units
| Acolyte | 8 | |
| Ghoul | 8 | |
| Crypt Fiend | 7 | |
| Obsidian Statue | 7 | |
30 total
» upgrades
| Creature Attack | 3 | |
| Creature Carapace | 3 | |
| Web | 1 | |
| Destroyer Form | 1 | |
8 total
» buildings
| Altar of Darkness | 1 | |
| Ziggurat | 13 | |
| Crypt | 1 | |
| Tomb of Relics | 1 | |
| Graveyard | 1 | |
| Halls of the Dead | 1 | |
| Black Citadel | 1 | |
| Slaughterhouse | 2 | |
| Necropolis | 4 | |
| Spirit Tower | 5 | |
| Nerubian Tower | 3 | |
33 total
» build order
00:11 Altar of Darkness
00:13 Ziggurat
00:41 Crypt
01:04 Tomb of Relics
01:12 Ziggurat
01:36 Graveyard
05:29 Halls of the Dead
06:17 Ziggurat
07:21 Ziggurat
08:37 Black Citadel
08:41 Slaughterhouse
10:03 Ziggurat
12:53 Necropolis
15:16 Ziggurat
15:17 Ziggurat
15:21 Ziggurat
15:29 Slaughterhouse
18:47 Ziggurat
20:16 Spirit Tower
20:18 Nerubian Tower
20:31 Spirit Tower
20:33 Nerubian Tower
20:35 Spirit Tower
20:39 Ziggurat
20:41 Ziggurat
20:43 Spirit Tower
21:35 Ziggurat
22:56 Ziggurat
23:01 Nerubian Tower
24:03 Necropolis
25:33 Necropolis
26:15 Spirit Tower
27:33 Necropolis
» items
| Rod of Necromancy | 1 | |
| Dust of Appearance | 2 | |
| Healing Salve | 1 | |
| Circlet of Nobility | 2 | |
| Potion of Mana | 1 | |
| Scroll of Town Portal | 2 | |
| Orb of Lightning | 1 | |
| Orb of Corruption | 1 | |
11 total
Chat log
(00:10 / Allies) myfckinnoodles: melee sham
(00:29 / All) TRUMP-WON-AGAIN: titty wax!
(00:37 / All) CraftyKingCole: balls
(00:44 / All) CraftyKingCole: ahhhh good old bnet
(00:58 / All) TRUMP-WON-AGAIN: trump may be a russian kgb spy his family alll has russian accents
(01:16 / All) TuchMeNotFeelMe: wut
(01:22 / All) TuchMeNotFeelMe: his wife is czech
(01:27 / All) I_Luv_Noobster: i don't give a fuked
(01:31 / All) I_Luv_Noobster: shut the fuk up bltch
(01:33 / All) CraftyKingCole: doesnt matter what his heritage is, he's a douche
(01:38 / All) TRUMP-WON-AGAIN: grown ups are speaking here
(01:50 / All) TuchMeNotFeelMe: green likes to suck nigger dick
(02:05 / All) CraftyKingCole: if it meant trump not being president id do it
(02:07 / All) TuchMeNotFeelMe: he probably pays beaners to fuck his wife
(02:13 / All) TuchMeNotFeelMe: you'd do it anyway
(02:14 / All) TuchMeNotFeelMe: cuck
(02:14 / All) I_Luv_Noobster: i can tell u i like to lick your mom and your sisters pussy
(02:33 / All) CraftyKingCole: ez bruh
(02:44 / Allies) Ayatollah92: come wit me treal
(03:08 / Allies) I_Luv_Noobster: stop pur
(03:09 / Allies) I_Luv_Noobster: alone?
(04:01 / All) TRUMP-WON-AGAIN: im sur epurple doesnt mh
(09:54 / Allies) myfckinnoodles: need aa
(09:56 / Allies) myfckinnoodles: they prob techin
(11:07 / Allies) I_Luv_Noobster: stop
(11:35 / All) 235983259236959: Green tk
(12:02 / Allies) I_Luv_Noobster: all met
(12:26 / All) 235983259236959: brb
(13:30 / Allies) I_Luv_Noobster: tp help
(13:47 / Allies) I_Luv_Noobster: tp help
(14:37 / Allies) myfckinnoodles: im b
(15:07 / Allies) myfckinnoodles: will tp in again
(16:08 / Allies) I_Luv_Noobster: help me
(17:41 / All) 235983259236959: Green is tker
(17:49 / All) 235983259236959: I was building him a shop earlier after he retard tped
(17:54 / All) 235983259236959: but he chose to kill my base instead
(18:43 / All) 235983259236959: I report green to blizzard for tk
(18:44 / Allies) I_Luv_Noobster: hit now
(18:52 / All) myfckinnoodles: they dont care
(19:58 / All) CraftyKingCole: eh
(21:04 / All) I_Luv_Noobster: tp?
(21:11 / Allies) TuchMeNotFeelMe: lumber?
(21:14 / Allies) myfckinnoodles: we neeed aa
(21:21 / All) TuchMeNotFeelMe: sipping on a 24 oz cappuchino
(21:22 / All) 235983259236959: nelf takes so little effort you can go afk half the game and it's saul goodman
(22:09 / Allies) myfckinnoodles: why pink
(22:11 / Allies) myfckinnoodles: you stupid fuck
(22:14 / Allies) TuchMeNotFeelMe: wut
(22:20 / Allies) myfckinnoodles: sapping me
(22:31 / Allies) TuchMeNotFeelMe: wasn't me
(22:38 / Allies) myfckinnoodles: i fucking watched you
(22:39 / Allies) myfckinnoodles: fuck you
(22:48 / Allies) TuchMeNotFeelMe: you're a pinko commie scumbag
(22:53 / Allies) TuchMeNotFeelMe: I won't let you sully my good reputation
(23:16 / All) 235983259236959: noobs lol
(23:22 / All) I_Luv_Noobster: fucking pin
(23:37 / All) myfckinnoodles: pink is a cuntnugget
(23:44 / All) I_Luv_Noobster: pink u fuking bltch
(23:59 / All) TRUMP-WON-AGAIN: red stfu. purple proved he was a hacker
(24:00 / All) TuchMeNotFeelMe: I'm allied to a bunch of socialist nitwits
(24:43 / Allies) TuchMeNotFeelMe: lumber gents?
(25:04 / Allies) myfckinnoodles: gold?
(25:09 / Allies) TuchMeNotFeelMe: lumber?
(25:12 / Allies) myfckinnoodles: gold?
(25:22 / Allies) TuchMeNotFeelMe: lumber?
(25:50 / Allies) I_Luv_Noobster: red
(25:51 / Allies) I_Luv_Noobster: back off
(25:52 / Allies) I_Luv_Noobster: bltch
(26:07 / All) myfckinnoodles: so tired of bnet
(26:12 / All) I_Luv_Noobster: fukign pink
(26:20 / All) 235983259236959: nothing but noobs like you on it red]
(26:24 / All) myfckinnoodles: this is all he has
(26:25 / Allies) I_Luv_Noobster: pur
(26:26 / Allies) I_Luv_Noobster: and me
(26:29 / Allies) I_Luv_Noobster: let finished this shlt
(26:29 / All) myfckinnoodles: dude check replay
(26:32 / All) myfckinnoodles: we were tk'd too
(26:34 / All) myfckinnoodles: you fucking whiners
(26:36 / All) 235983259236959: I saw all I need to know
(26:38 / All) 235983259236959: total noob
(26:40 / All) 235983259236959: yeah we got tked too
(26:45 / All) 235983259236959: exactly, so you suck
(26:52 / All) I_Luv_Noobster: blue
(26:54 / All) I_Luv_Noobster: shut the fuk up
(26:56 / All) I_Luv_Noobster: he was good
(26:58 / All) 235983259236959: scrub teal lol
(26:59 / All) 235983259236959: you got raped
(27:01 / All) 235983259236959: gtfo
(27:06 / All) 235983259236959: youé both baddies lol noobs!!!!
(27:07 / All) TuchMeNotFeelMe: Get out mudslime
(27:11 / All) TuchMeNotFeelMe: GET OUT MUDSLIME
(27:55 / Allies) I_Luv_Noobster: pur
(27:56 / Allies) I_Luv_Noobster: lol
(27:59 / All) TRUMP-WON-AGAIN: purple poopy head hacker
(28:01 / All) 235983259236959: brb
(28:06 / All) Ayatollah92: i dont hack noob
(28:16 / All) Ayatollah92: its called theirs 2 opening strategies in this game
(28:19 / All) Ayatollah92: rush and FE
(28:20 / All) TRUMP-WON-AGAIN: u dont creepjack 2 players at the exact perfect time
(28:27 / All) Ayatollah92: of course you do
(28:37 / All) Ayatollah92: only one place for u to fucking go in beggining
(29:35 / All) Ayatollah92: gg
(30:22 / All) I_Luv_Noobster: LOL pink enjoy
(30:24 / All) I_Luv_Noobster: U noob bltc
(30:30 / All) TuchMeNotFeelMe: lol
(30:36 / All) TuchMeNotFeelMe: me team lose?
(30:38 / All) TRUMP-WON-AGAIN: me say ur team lose
(30:41 / All) TuchMeNotFeelMe: or you want green?
(30:44 / All) TRUMP-WON-AGAIN: U
(30:50 / All) TuchMeNotFeelMe: rod what say you
(30:52 / All) TRUMP-WON-AGAIN: green was dumb
(30:57 / All) 235983259236959: back
(31:07 / All) TuchMeNotFeelMe: who do you want to lose rod
(31:11 / All) 235983259236959: Oh they all left
(31:12 / All) 235983259236959: hmm
(31:16 / All) TRUMP-WON-AGAIN: bob teammmmmmm
(31:23 / All) 235983259236959: your team lose
(31:26 / All) TuchMeNotFeelMe: aite